 Dungeon Sprint DCSS version 0.16-a0-985-g4a9242f (console) character file.

335 rchandra the Bludgeoner (level 6, 0/93 HPs)
             Began as an Ogre Berserker on Oct 2, 2014.
             Was a High Priest of Trog.
             Slain by a wight
             ... wielding a cursed +0 great sword
              (3 damage)
             ... in the Dungeon (Sprint VII: "The Pits").
             The game lasted 00:02:42 (439 turns).

rchandra the Bludgeoner (Ogre Berserker)             Turns: 439, Time: 00:02:42

HP   0/93        AC  8     Str 28      XL: 6   Next: 53%
MP   6/6         EV  9     Int  6      God: Trog [*****.]
Gold 0           SH  0     Dex 11      Spells:  0 memorised,  5 levels left

rFire  . . .     SeeInvis .     s - +0 mace (protect)
rCold  . . .     Clarity  .     b - +0 animal skin
rNeg   . . .     rCorr    .     (shield restricted)
rPois  .         rRot     .     (helmet restricted)
rElec  .         Spirit   .     (no cloak)
SustAb .         Warding  .     (gloves unavailable)
rMut   .         NoTele   +     (boots unavailable)
Gourm  .                        (no amulet)
MR     ++...                    (no ring)
                                (no ring)

@: berserking (expiring), lethally poisoned, regenerating, drained, very quick,
very resistant to hostile enchantments, extremely unstealthy
A: unfitting armour, tough skin 1
a: Burn Spellbooks, Berserk, Trog's Hand, Brothers in Arms, Renounce Religion


You were in the Dungeon.
You worshipped Trog.
Trog was extremely pleased with you.
You were very hungry.

You visited 1 branch

Inventory:

Hand weapons
 a - a +0 mace
 p - a +2 mace
 s - a +0 mace of protection (weapon)
   (You found it in the Dungeon)
Armour
 b - a +0 animal skin (worn)
Comestibles
 c - 8 meat rations
 j - 40 fruits
 k - 7 bread rations
 q - a chunk of ball python flesh
 r - a chunk of jackal flesh
Scrolls
 i - a scroll of blinking
 m - 2 scrolls of vulnerability
 n - 3 scrolls of remove curse
 o - a scroll of summoning
Potions
 d - 6 potions of curing
 e - 6 potions of heal wounds
 f - a potion of haste
 g - 4 potions of magic
 h - 3 potions of berserk rage
 l - 2 potions of invisibility


   Skills:
 - Level 4.0(3.6) Fighting
 * Level 16.5(15.9) Maces & Flails
 - Level 1.5(1.1) Armour
 - Level 1.7(1.3) Dodging


You had 5 spell levels left.
You didn't know any spells.

Dungeon Overview and Level Annotations

Branches:
Dungeon (1/1)

Altars:
Ashenzari
Cheibriados
Dithmenos
Elyvilon
Fedhas
Kikubaaqudgha
Makhleb
Nemelex Xobeh
Okawaru
Sif Muna
Trog
Vehumet
Xom
Yredelemnul
Zin
The Shining One
Beogh
Jiyva
Lugonu


Innate Abilities, Weirdness & Mutations

You are too large for most types of armour.
You have tough skin (AC +1).


Message History

* * * LOW HITPOINT WARNING * * *
The iron imp hits you but does no damage.
Damage: -1%(-1hp) hp: 25%(23hp) Unknown command.
You hit the gnoll.
The gnoll is heavily wounded.
You thump the gnoll!
The gnoll is almost dead.
The scorpion closely misses you. The gnoll hits you but does no damage.
You sock the gnoll!
You kill the gnoll!
Trog accepts your kill. The iron imp closely misses you.
The scorpion barely misses you. The wight hits you but does no damage.
You see here a spear.
Unknown command.
You sock the gnoll!
You kill the gnoll!
Trog accepts your kill.
Unknown command.
You sock the scorpion!
The scorpion is heavily wounded.
The scorpion stings you.
* * * LOW HITPOINT WARNING * * *
You are poisoned.
The scorpion poisons you!
Damage: -2%(-1hp) hp: 28%(26hp) Unknown command.
You are feeling very hungry.
You barely miss the scorpion.
The scorpion is heavily wounded.
You feel sick. The wight barely misses you.
You sock the scorpion!
You kill the scorpion!
Trog accepts your kill. Something appears at your feet! Trog grants you a gift!
Your Maces & Flails skill increases to level 16!
The iron imp hits you!
* * * LOW HITPOINT WARNING * * *
Huge Dmg: -8%(-8hp) hp: 20%(18hp)
You hit the wight.
The wight is almost destroyed.
You feel sick.
You completely miss the wight.
The wight is almost destroyed.
The wight hits you with a great sword!
* * * LOW HITPOINT WARNING * * *
You feel drained.
You die...

#.#..#####.##.....
#.#..'..%#.##.....
#.#..'...'.##.....
#.#..########...α.
#.#..'.)))[##.....
#.#..#.)).[##.....
#'###########.....
#)5g....# ######
#ζg)#...# #.z.# .#
#.##.# #.. #.. #..
...# #... .. ####
#


You could see an iron imp, a wight and 2 gnolls.

Vanquished Creatures
  An ice beast (D)
  A scorpion (D)
  A wight (D)
  A gnoll shaman (D)
  5 gnolls (D)
  2 adders (D)
  2 green rats (D)
  A giant eyeball (D)
  2 ball pythons (D)
  4 jackals (D)
  A kobold (D)
21 creatures vanquished.

Vanquished Creatures (collateral kills)
  A wight (D)
1 creature vanquished.

Vanquished Creatures (others)
  A two-headed ogre (D)
1 creature vanquished.

Grand Total: 23 creatures vanquished

Notes
Turn   | Place    | Note
--------------------------------------------------------------
     0 | D        | rchandra, the Ogre Berserker, began the quest for the Orb.
     0 | D        | Reached XP level 1. HP: 24/24 MP: 1/1
    46 | D        | Found a basalt altar of Yredelemnul.
    46 | D        | Found a glowing golden altar of the Shining One.
    46 | D        | Found a deep blue altar of Sif Muna.
    46 | D        | Found a burning altar of Makhleb.
    46 | D        | Found an ancient bone altar of Kikubaaqudgha.
    46 | D        | Found a glowing silver altar of Zin.
    47 | D        | Found a shadowy altar of Dithmenos.
    47 | D        | Found a bloodstained altar of Trog.
    47 | D        | Found a shattered altar of Ashenzari.
    47 | D        | Found a white marble altar of Elyvilon.
    47 | D        | Found a snail-covered altar of Cheibriados.
    47 | D        | Found a blossoming altar of Fedhas.
    47 | D        | Found a radiant altar of Vehumet.
    47 | D        | Found a shimmering altar of Xom.
    47 | D        | Found a sparkling altar of Nemelex Xobeh.
    47 | D        | Found a corrupted altar of Lugonu.
    47 | D        | Found a viscous altar of Jiyva.
    47 | D        | Found a roughly hewn altar of Beogh.
    47 | D        | Found an iron altar of Okawaru.
    58 | D        | Reached skill level 5 in Maces & Flails
    61 | D        | Huge Dmg: 9 dmg
    65 | D        | Huge Dmg: 6 dmg
    66 | D        | Acquired Trog's second power
    66 | D        | Reached skill level 7 in Maces & Flails
    66 | D        | Reached XP level 2. HP: 10/32 MP: 2/2
   280 | D        | Reached skill level 8 in Maces & Flails
   289 | D        | Huge Dmg: 14 dmg
   328 | D        | Reached XP level 3. HP: 39/39 MP: 3/3
   330 | D        | Reached skill level 9 in Maces & Flails
   334 | D        | Paralysed by a giant eyeball for 2 turns
   337 | D        | Acquired Trog's third power
   337 | D        | Reached skill level 10 in Maces & Flails
   347 | D        | Huge Dmg: 17 dmg
   410 | D        | Noticed a wight
   410 | D        | Noticed a wight
   410 | D        | Noticed a wight
   412 | D        | Noticed an iron imp
   413 | D        | Noticed a gnoll shaman
   414 | D        | Noticed a scorpion
   414 | D        | Huge Dmg: 13 dmg
   416 | D        | Noticed an ice beast
   418 | D        | Huge Dmg: 7 dmg
   418 | D        | Killed a wight
   418 | D        | Reached skill level 11 in Maces & Flails
   418 | D        | Reached XP level 4. HP: 27/48 MP: 4/4
   418 | D        | Killed a wight
   418 | D        | Reached skill level 12 in Maces & Flails
   420 | D        | Reached XP level 5. HP: 31/54 MP: 5/5
   425 | D        | Killed a gnoll shaman
   425 | D        | Reached skill level 13 in Maces & Flails
   426 | D        | Huge Dmg: 7 dmg
   429 | D        | Killed an ice beast
   429 | D        | Reached skill level 15 in Maces & Flails
   429 | D        | Reached XP level 6. HP: 27/62 MP: 6/6
   437 | D        | Killed a scorpion
   437 | D        | Received a gift from Trog
   437 | D        | Reached skill level 16 in Maces & Flails
   438 | D        | Huge Dmg: 8 dmg
   439 | D        | HP: 3/93 [wight/great sword (16)]
   439 | D        | Slain by a wight

Action                   |  1- 3 |  4- 6 || total
-------------------------+-------+-------++-------
Melee: Mace              |    29 |    19 ||    48
Invok: Berserk           |     3 |       ||     3
       Trog's Hand       |     1 |       ||     1
       Brothers in Arms  |     1 |       ||     1

Vault maps used:
D:        pitsprint
